PAAA
ROYSE CITY TARGARYENS @ SUNSET DISTRICT FOG
09/03/2027
 
TOP OF THE 1ST
Royse City Targaryens batting - Pitching for Sunset District Fog : RHP Burm Snart
Pitching: RHP Burm Snart
Batting: LHB Sisto Pagnamenta 0-0: Foul Ball, location: 2F
0-1: Foul Ball, location: 2F
0-2: Ball
1-2: Foul Ball, location: 2F
1-2: Reached on error, E4 (Groundball, 4M)
Batting: LHB José Vargas 0-0: Ground out 5-3 (Groundball, 56S)
Sisto Pagnamenta to second
Batting: RHB Junior Pittman 0-0: Ball
1-0: Ball
2-0: Called Strike
2-1: Foul Ball, location: 2F
2-2: Ball
3-2: Strikes out swinging
Batting: RHB Bruce Ingilby 0-0: Called Strike
0-1: Called Strike
0-2: Ball
1-2: DOUBLE (Flyball, 9)
Sisto Pagnamenta scores
Batting: RHB Louis Gibbons 0-0: Ball
1-0: Foul Ball, location: 2F
1-1: Ground out 5-3 (Groundball, 56)
Top of the 1st over - 1 run(s), 1 hit(s), 1 error(s), 1 left on base; Royse City 1 - Sunset District 0
BOTTOM OF THE 1ST
Sunset District Fog batting - Pitching for Royse City Targaryens : RHP Edgar Lankford
Pitching: RHP Edgar Lankford
Batting: RHB Reginald Kalkman 0-0: Called Strike
0-1: Called Strike
0-2: Ball
1-2: Fly out, F8 (Flyball, 8LS)
Batting: LHB Pedro Tapia 0-0: Called Strike
0-1: Ball
1-1: Swinging Strike
1-2: Foul Ball, location: 2F
1-2: Ball
2-2: Ground out 4-3 (Groundball, 4)
Batting: SHB Albert Sánchez 0-0: SINGLE (Flyball, 7S)
Batting: RHB Yehonatan Chazan 0-0: Ground out 5-3 (Groundball, 56S)
Bottom of the 1st over - 0 run(s), 1 hit(s), 0 error(s), 1 left on base; Royse City 1 - Sunset District 0
TOP OF THE 2ND
Royse City Targaryens batting - Pitching for Sunset District Fog : RHP Burm Snart
Batting: RHB IV Seacat 0-0: Ball
1-0: Ball
2-0: Fly out, F8 (Flyball, 8LM)
Batting: LHB Ramón García 0-0: Ball
1-0: Swinging Strike
1-1: Bunted foul
1-2: Foul Ball, location: 2F
1-2: Ball
2-2: Fly out, F7 (Flyball, 7LM)
Batting: LHB Jorge Garza 0-0: Called Strike
0-1: Foul Ball, location: 2F
0-2: Foul Ball, location: 2F
0-2: Ball
1-2: Strikes out swinging
Top of the 2nd over - 0 run(s), 0 hit(s), 0 error(s), 0 left on base; Royse City 1 - Sunset District 0
BOTTOM OF THE 2ND
Sunset District Fog batting - Pitching for Royse City Targaryens : RHP Edgar Lankford
Batting: RHB José Vargas 0-0: Ball
1-0: Ground out 5-3 (Groundball, 56)
Batting: RHB Mariano Sánchez 0-0: Ball
1-0: DOUBLE (Flyball, 8RD)
Batting: SHB Esteban Lugo 0-0: Called Strike
0-1: Foul Ball, location: 2F
0-2: Foul Ball, location: 2F
0-2: Ball
1-2: Ball
2-2: Ball
3-2: Base on Balls
Batting: RHB Ricardo Téllez 0-0: Ball
Mariano Sánchez is caught stealing 3rd base
Esteban Lugo to second
1-0: Called Strike
1-1: DOUBLE (Line Drive, 8LXD)
Esteban Lugo scores
Batting: RHB Jack Head 0-0: Ball
1-0: Called Strike
1-1: Swinging Strike
1-2: Ball
2-2: Ball
3-2: Foul Ball, location: 2F
3-2: Strikes out swinging
Bottom of the 2nd over - 1 run(s), 2 hit(s), 0 error(s), 1 left on base; Royse City 1 - Sunset District 1
TOP OF THE 3RD
Royse City Targaryens batting - Pitching for Sunset District Fog : RHP Burm Snart
Batting: RHB Martín Alejadre 0-0: Ball
1-0: Fly out, F7 (Flyball, 7LS)
Batting: LHB Sisto Pagnamenta 0-0: Called Strike
0-1: Called Strike
0-2: Ball
1-2: Foul Ball, location: 2F
1-2: Foul Ball, location: 2F
1-2: Foul Ball, location: 2F
1-2: Ball
2-2: Foul Ball, location: 2F
2-2: Foul Ball, location: 2F
2-2: Ball
3-2: SOLO HOME RUN (Flyball, 9LD), Distance : 355 ft
Batting: LHB José Vargas 0-0: Ball
1-0: Foul Ball, location: 2F
1-1: Ball
2-1: Ball
3-1: Base on Balls
Batting: RHB Junior Pittman 0-0: Ball
1-0: Called Strike
1-1: Ground out 6-3 (Groundball, 6MS)
José Vargas to second
Batting: RHB Bruce Ingilby 0-0: Foul Ball, location: 2F
0-1: Fly out, F8 (Flyball, 8RD)
Top of the 3rd over - 1 run(s), 1 hit(s), 0 error(s), 1 left on base; Royse City 2 - Sunset District 1
BOTTOM OF THE 3RD
Sunset District Fog batting - Pitching for Royse City Targaryens : RHP Edgar Lankford
Batting: RHB Reginald Kalkman 0-0: Ball
1-0: Ball
2-0: Called Strike
2-1: Foul Ball, location: 2F
2-2: Ball
3-2: Base on Balls
Batting: LHB Pedro Tapia 0-0: Called Strike
0-1: Called Strike
0-2: Ball
1-2: Foul Ball, location: 2F
1-2: Foul Ball, location: 2F
1-2: Ball
2-2: Ball
3-2: Fielders Choice at 2nd, 5-4 (Groundball, 56)
Batting: SHB Albert Sánchez 0-0: Called Strike
0-1: Foul Ball, location: 2F
0-2: Strikes out looking
Batting: RHB Yehonatan Chazan 0-0: Ball
1-0: Swinging Strike
1-1: Fielders Choice at 2nd, 5-4 (Groundball, 5)
Bottom of the 3rd over - 0 run(s), 0 hit(s), 0 error(s), 0 left on base; Royse City 2 - Sunset District 1
TOP OF THE 4TH
Royse City Targaryens batting - Pitching for Sunset District Fog : RHP Burm Snart
Batting: RHB Louis Gibbons 0-0: Ball
1-0: Foul Ball, location: 2F
1-1: Ball
2-1: Foul Ball, location: 2F
2-2: Ground out 4-3 (Groundball, 4)
Batting: RHB IV Seacat 0-0: Called Strike
0-1: Fly out, F8 (Flyball, 78M)
Batting: LHB Ramón García 0-0: Called Strike
0-1: Foul Ball, location: 2F
0-2: Ball
1-2: Foul Ball, location: 2F
1-2: Fly out, F7 (Flyball, 78S)
Top of the 4th over - 0 run(s), 0 hit(s), 0 error(s), 0 left on base; Royse City 2 - Sunset District 1
BOTTOM OF THE 4TH
Sunset District Fog batting - Pitching for Royse City Targaryens : RHP Edgar Lankford
Batting: RHB José Vargas 0-0: Foul Ball, location: 2F
0-1: Foul Ball, location: 2F
0-2: Strikes out swinging
Batting: RHB Mariano Sánchez 0-0: Ball
1-0: Called Strike
1-1: Ball
2-1: Ball
3-1: Foul Ball, location: 2F
3-2: Ground out 5-3 (Groundball, 56)
Batting: SHB Esteban Lugo 0-0: Called Strike
0-1: Ball
1-1: Fly out, F8 (Line Drive, 8RD)
Bottom of the 4th over - 0 run(s), 0 hit(s), 0 error(s), 0 left on base; Royse City 2 - Sunset District 1
TOP OF THE 5TH
Royse City Targaryens batting - Pitching for Sunset District Fog : RHP Burm Snart
Batting: LHB Jorge Garza 0-0: Called Strike
0-1: Foul Ball, location: 2F
0-2: Ball
1-2: Foul Ball, location: 2F
1-2: Foul Ball, location: 2F
1-2: Ball
2-2: Ball
3-2: Ground out 4-3 (Groundball, 4)
Batting: RHB Martín Alejadre 0-0: Foul Ball, location: 2F
0-1: Ball
1-1: Hit by Pitch
Batting: LHB Sisto Pagnamenta 0-0: Ball
1-0: Called Strike
1-1: Foul Ball, location: 2F
1-2: Ball
2-2: Ball
3-2: Foul Ball, location: 2F
3-2: Foul Ball, location: 2F
3-2: Base on Balls
Martín Alejadre to second
Batting: LHB José Vargas 0-0: SINGLE (Flyball, 89S)
Martín Alejadre to third
Sisto Pagnamenta to second
Runner from 3rd tries for Home, SAFE, no throw
Batting: RHB Junior Pittman 0-0: Called Strike
0-1: Foul Ball, location: 2F
0-2: Strikes out swinging
Batting: RHB Bruce Ingilby 0-0: Ball
1-0: Ball
2-0: Called Strike
2-1: Foul Ball, location: 2F
2-2: Ball
3-2: SINGLE (Line Drive, 9LS)
Sisto Pagnamenta to third
José Vargas to second
Sisto Pagnamenta scores
José Vargas to third
Pitching: RHP Rich Wright
Batting: RHB Louis Gibbons 0-0: Foul Ball, location: 2F
0-1: Ball
1-1: Foul Ball, location: 2F
1-2: Foul Ball, location: 2F
1-2: Fielders Choice at 2nd, 6-4 (Groundball, 6)
Top of the 5th over - 2 run(s), 2 hit(s), 0 error(s), 1 left on base; Royse City 4 - Sunset District 1
BOTTOM OF THE 5TH
Sunset District Fog batting - Pitching for Royse City Targaryens : RHP Edgar Lankford
Batting: RHB Ricardo Téllez 0-0: Ground out 1-3 (Groundball, 13)
Batting: RHB Jack Head 0-0: Foul Ball, location: 2F
0-1: Ball
1-1: Foul Ball, location: 2F
1-2: Strikes out swinging
Batting: RHB Reginald Kalkman 0-0: Called Strike
0-1: Swinging Strike
0-2: Ball
1-2: Strikes out looking
Bottom of the 5th over - 0 run(s), 0 hit(s), 0 error(s), 0 left on base; Royse City 4 - Sunset District 1
TOP OF THE 6TH
Royse City Targaryens batting - Pitching for Sunset District Fog : RHP Rich Wright
Batting: RHB IV Seacat 0-0: Ball
1-0: Called Strike
1-1: Foul Ball, location: 2F
1-2: SINGLE (Flyball, 89S)
Batting: LHB Ramón García 0-0: Bunted foul
0-1: Sac Bunt - play at first, batter OUT! U3
IV Seacat to second
Batting: LHB Jorge Garza 0-0: Called Strike
0-1: Foul Ball, location: 2F
0-2: Ball
1-2: Ball
2-2: Ground out 4-3 (Groundball, 34)
IV Seacat to third
Batting: RHB Martín Alejadre 0-0: Swinging Strike
0-1: Ball
1-1: Fly out, F8 (Flyball, 8RD)
Top of the 6th over - 0 run(s), 1 hit(s), 0 error(s), 1 left on base; Royse City 4 - Sunset District 1
BOTTOM OF THE 6TH
Sunset District Fog batting - Pitching for Royse City Targaryens : RHP Edgar Lankford
Batting: LHB Pedro Tapia 0-0: Ball
1-0: Swinging Strike
1-1: Called Strike
1-2: SINGLE (Groundball, 6D)
Batting: SHB Albert Sánchez 0-0: Ball
1-0: Ball
2-0: Called Strike
2-1: Foul Ball, location: 2F
2-2: Foul Ball, location: 2F
2-2: Strikes out swinging
Batting: RHB Yehonatan Chazan 0-0: Called Strike
0-1: Foul Ball, location: 2F
0-2: Ball
1-2: Fly out, F8 (Flyball, 89S)
Batting: RHB José Vargas 0-0: Ball
Pedro Tapia steals 2nd base
1-0: Ball
2-0: Fly out, F5 (Line Drive, 5S)
Bottom of the 6th over - 0 run(s), 1 hit(s), 0 error(s), 1 left on base; Royse City 4 - Sunset District 1
TOP OF THE 7TH
Royse City Targaryens batting - Pitching for Sunset District Fog : RHP Rich Wright
Batting: LHB Sisto Pagnamenta 0-0: Ball
1-0: Ball
2-0: Called Strike
2-1: Fly out, F3 (Popup, 3L)
Batting: LHB José Vargas 0-0: Called Strike
0-1: Swinging Strike
0-2: Ball
1-2: Ball
2-2: Strikes out swinging
Batting: RHB Junior Pittman 0-0: Foul Ball, location: 2F
0-1: Called Strike
0-2: Fly out, F6 (Popup, 6D)
Top of the 7th over - 0 run(s), 0 hit(s), 0 error(s), 0 left on base; Royse City 4 - Sunset District 1
BOTTOM OF THE 7TH
Sunset District Fog batting - Pitching for Royse City Targaryens : RHP Edgar Lankford
Pitching: RHP Juan Cruz
Batting: RHB Mariano Sánchez 0-0: Ball
1-0: Ball
2-0: Called Strike
2-1: Ground out 1-3 (Groundball, P)
Batting: SHB Esteban Lugo 0-0: Ball
1-0: Foul Ball, location: 2F
1-1: Foul Ball, location: 2F
1-2: Ball
2-2: Foul Ball, location: 2F
2-2: Foul Ball, location: 2F
2-2: Ball
3-2: Ground out 4-3 (Groundball, 34)
Batting: RHB Ricardo Téllez 0-0: SINGLE (Line Drive, 7S)
Batting: RHB Jack Head 0-0: Swinging Strike
0-1: Ball
1-1: Ball
2-1: Called Strike
2-2: Strikes out swinging
Bottom of the 7th over - 0 run(s), 1 hit(s), 0 error(s), 1 left on base; Royse City 4 - Sunset District 1
TOP OF THE 8TH
Royse City Targaryens batting - Pitching for Sunset District Fog : RHP Rich Wright
Batting: RHB Bruce Ingilby 0-0: Fly out, F8 (Flyball, 8RD)
Batting: RHB Louis Gibbons 0-0: Ball
1-0: Called Strike
1-1: Ball
2-1: Ball
3-1: Called Strike
3-2: Fly out, F9 (Line Drive, 9)
Batting: RHB IV Seacat 0-0: Foul Ball, location: 2F
0-1: Ground out 4-3 (Groundball, 4)
Top of the 8th over - 0 run(s), 0 hit(s), 0 error(s), 0 left on base; Royse City 4 - Sunset District 1
BOTTOM OF THE 8TH
Sunset District Fog batting - Pitching for Royse City Targaryens : RHP Juan Cruz
Batting: RHB Reginald Kalkman 0-0: Ball
1-0: Ball
2-0: Swinging Strike
2-1: Called Strike
2-2: Ball
3-2: Base on Balls
Batting: LHB Pedro Tapia 0-0: Ball
1-0: Swinging Strike
1-1: Foul Ball, location: 2F
1-2: Ball
2-2: Foul Ball, location: 2F
2-2: Foul Ball, location: 2F
2-2: Fly out, F5 (Line Drive, 56D)
Batting: SHB Albert Sánchez 0-0: Ball
1-0: Ball
2-0: Fly out, F7 (Flyball, 78S)
Batting: RHB Yehonatan Chazan 0-0: Called Strike
0-1: SINGLE (Groundball, 6D)
Reginald Kalkman to second
Batting: RHB José Vargas 0-0: Swinging Strike
0-1: Ball
1-1: Fly out, F6 (Popup, 5D)
Bottom of the 8th over - 0 run(s), 1 hit(s), 0 error(s), 2 left on base; Royse City 4 - Sunset District 1
TOP OF THE 9TH
Royse City Targaryens batting - Pitching for Sunset District Fog : RHP Rich Wright
Batting: LHB Ramón García 0-0: Ball
1-0: Foul Ball, location: 2F
1-1: Fly out, F9 (Flyball, 9S)
Batting: LHB Jorge Garza 0-0: Fly out, F9 (Line Drive, 9LM)
Batting: RHB Martín Alejadre 0-0: Fly out, F9 (Flyball, 9D)
Top of the 9th over - 0 run(s), 0 hit(s), 0 error(s), 0 left on base; Royse City 4 - Sunset District 1
BOTTOM OF THE 9TH
Sunset District Fog batting - Pitching for Royse City Targaryens : RHP Juan Cruz
Pitching: RHP Harry Mander
Batting: RHB Mariano Sánchez 0-0: Called Strike
0-1: Swinging Strike
0-2: Ball
1-2: Fly out, F9 (Flyball, 9)
Batting: SHB Esteban Lugo 0-0: Called Strike
0-1: Ball
1-1: Swinging Strike
1-2: Ball
2-2: Ball
3-2: Hit by Pitch
Batting: RHB Ricardo Téllez 0-0: Called Strike
0-1: Ball
1-1: DOUBLE (Flyball, 78D)
Esteban Lugo to third
Pinch Hitting: RHB Simon Yusaf Khel 0-0: Ball
1-0: Called Strike
1-1: Fly out, F9 (Flyball, 89S)
Batting: RHB Reginald Kalkman 0-0: Ground out 1-3 (Groundball, 15)
Bottom of the 9th over - 0 run(s), 1 hit(s), 0 error(s), 2 left on base; Royse City 4 - Sunset District 1
Saturday, May 26th, 2018 - OOTP Baseball 17.12 Build 75